Workbook
Name \a: #REF!
Name \L: #REF!
Name \P: #REF!
Name \s: #REF!
Name _______________AFC1: [1]INV!$A$25:$D$28
Name _______________AFC3: [1]INV!$F$25:$I$28
Name _______________AFC5: [1]INV!$K$25:$N$28
Name _______________BGC1: [1]INV!$A$5:$D$8
Name _______________BGC3: [1]INV!$F$5:$I$8
Name _______________BGC5: [1]INV!$K$5:$N$8
Name _______________CAC1: [1]INV!$A$19:$D$22
Name _______________CAC3: [1]INV!$F$19:$I$22
Name _______________CAC5: [1]INV!$K$19:$N$22
Name _______________oa55: #REF!
Name _______________SBC1: [1]INV!$A$12:$D$15
Name _______________SBC3: [1]INV!$F$12:$I$15
Name _______________SBC5: [1]INV!$K$12:$N$15
Name ______________AFC1: [1]INV!$A$25:$D$28
Name ______________AFC3: [1]INV!$F$25:$I$28
Name ______________AFC5: [1]INV!$K$25:$N$28
Name ______________BGC1: [1]INV!$A$5:$D$8
Name ______________BGC3: [1]INV!$F$5:$I$8
Name ______________BGC5: [1]INV!$K$5:$N$8
Name ______________CAC1: [1]INV!$A$19:$D$22
Name ______________CAC3: [1]INV!$F$19:$I$22
Name ______________CAC5: [1]INV!$K$19:$N$22
Name ______________oa55: #REF!
Name ______________SBC1: [1]INV!$A$12:$D$15
Name ______________SBC3: [1]INV!$F$12:$I$15
Name ______________SBC5: [1]INV!$K$12:$N$15
Name _____________AFC1: [1]INV!$A$25:$D$28
Name _____________AFC3: [1]INV!$F$25:$I$28
Name _____________AFC5: [1]INV!$K$25:$N$28
Name _____________BGC1: [1]INV!$A$5:$D$8
Name _____________BGC3: [1]INV!$F$5:$I$8
Name _____________BGC5: [1]INV!$K$5:$N$8
Name _____________CAC1: [1]INV!$A$19:$D$22
Name _____________CAC3: [1]INV!$F$19:$I$22
Name _____________CAC5: [1]INV!$K$19:$N$22
Name _____________oa55: #REF!
Name _____________SBC1: [1]INV!$A$12:$D$15
Name _____________SBC3: [1]INV!$F$12:$I$15
Name _____________SBC5: [1]INV!$K$12:$N$15
Name ____________AFC1: [1]INV!$A$25:$D$28
Name ____________AFC3: [1]INV!$F$25:$I$28
Name ____________AFC5: [1]INV!$K$25:$N$28
Name ____________BGC1: [1]INV!$A$5:$D$8
Name ____________BGC3: [1]INV!$F$5:$I$8
Name ____________BGC5: [1]INV!$K$5:$N$8
Name ____________CAC1: [1]INV!$A$19:$D$22
Name ____________CAC3: [1]INV!$F$19:$I$22
Name ____________CAC5: [1]INV!$K$19:$N$22
Name ____________oa55: #REF!
Name ____________SBC1: [1]INV!$A$12:$D$15
Name ____________SBC3: [1]INV!$F$12:$I$15
Name ____________SBC5: [1]INV!$K$12:$N$15
Name ___________AFC1: [1]INV!$A$25:$D$28
Name ___________AFC3: [1]INV!$F$25:$I$28
Name ___________AFC5: [1]INV!$K$25:$N$28
Name ___________BGC1: [1]INV!$A$5:$D$8

Sheet RENDIMIENTOS
A2: RENDIMIENTO ESTIMADO | B2: 400 | C2: m/día | E2: FRENTES | F2: 6
A4: VALOR FRENTE MAQUINARIA CON MATERIAL DE ALCALDÍA
A5: Equipo | B5: Horas/Días | C5: Cantidad | D5: Valor Hora / día | E5: Valor total | G5: MATERIAL | H5: Valor
A6: Motoniveladora | B6: 8 | C6: 1 | D6: =+'ESTUDIO HORAS'!G3 -> 221295 | E6: =+D6*B6*C6 -> 1770360 | G6: BASE GRANULAR CLASE B (BG_B) NORMA RURAL A 84KM IDU-ET-2018 SECCIÓN 510. - M3 | H6: 170649.57
A7: Retrocargador de llantas | B7: 8 | C7: 1 | D7: =+'ESTUDIO HORAS'!G4 -> 151566 | E7: =+D7*B7*C7 -> 1212528
A8: Vibrocompactador | B8: 8 | C8: 1 | D8: =+'ESTUDIO HORAS'!G5 -> 157257 | E8: =+D8*B8*C8 -> 1258056 | G8: Se estima que se va a recebar un 40% de la vía con un espesor de 5cm | H8: 0.4
A9: Volqueta Doble Troque | B9: 1 | C9: 1 | D9: =+'ESTUDIO HORAS'!G7 -> 1055683 | E9: =+D9*B9*C9 -> 1055683
A10: Volqueta Sencilla | B10: 1 | C10: 2 | D10: =+'ESTUDIO HORAS'!G6 -> 726951 | E10: =+D10*B10*C10 -> 1453902 | G10: Cantidad m³ al día | H10: =+B2*H8*0.05 -> 8 | J10: 0.3
D11: Valor día | E11: =SUM(E6:E10) -> 6750529 | J11: =+J10*H18*2*1000 -> #REF!
D12: Valor mes | E12: =+E11*24 -> 162012696 | G12: VALOR X KM MATERIAL | H12: =+H8*1000*5*0.05*H6 -> 17064957 | J12: 180000 | K12: =+J13/J12 -> 27777.778
J13: 5000000000
A14: VALOR FRENTE MAQUINARIA CON MATERIAL TIENDA VIRTUAL
A15: Equipo | B15: Horas/Días | C15: Cantidad | D15: Valor Hora / día | E15: Valor total | G15: VALOR KM CON MATERIAL | H15: =+H12+(1000/B2*E19) -> 27274174 | I15: SIN IVA | J15: =+H12*H18*2 -> #REF!
A16: Motoniveladora | B16: 8 | C16: 1 | D16: =+D6 -> 221295 | E16: =+D16*B16*C16 -> 1770360 | G16: VALOR KM SIN MATERIAL | H16: =+(1000/B2)*E11 -> 16876322 | I16: SIN IVA
A17: Retrocargador de llantas | B17: 8 | C17: 1 | D17: =+D7 -> 151566 | E17: =+D17*B17*C17 -> 1212528 | J17: =+H18*2*1000*0.05*5*H8 -> #REF! | K17: =+J17*H6 -> #REF!
A18: Vibrocompactador | B18: 7 | C18: 1 | D18: =+D8 -> 157257 | E18: =+D18*B18*C18 -> 1100799 | G18: TOTAL KM | H18: =+#REF! -> #REF!
D19: Valor día | E19: =SUM(E16:E18) -> 4083687 | H19: =+H18*H16 -> #REF!
H20: =+H19*2 -> #REF!
H21: Se necesitan 12,1 meses para atender 2 veces cada vía

Sheet PPTO
B2: #VALUE! | D2: INSTITUTO DE CAMINOS Y CONSTRUCCIONES DE CUNDINAMARCA - ICCU DIRECCIÓN DE CAMINOS | I2: #VALUE!
B8: ALQUILER DE LA MAQUINARIA PESADA Y VEHICULOS PARA LA ATENCION DE LA RED VIAL EN EL DEPARTAMENTO DE CUNDINAMARCA, POR MEDIO DEL PROGRAMA BANCO DE HORAS PLUS
J9: Duración en meses del proyecto
J10: 5
B13: COSTOS DE PERSONAL
B14: ÍTEM | C14: CLASIFICACIÓN | D14: VALOR UNITARIO MENSUAL | E14: CAT | F14: CANTIDAD | G14: % DE DEDICACIÓN TOTAL | H14: TIEMPO EN MESES | I14: FACTOR MULTIPLICADOR | J14: VALOR TOTAL
B15: PERSONAL PROFESIONAL
B16: 1.1 | C16: Ingeniero Coordinador - Residente de proyecto | D16: 6000000 | E16: - | F16: 1 | G16: 1 | H16: =+$J$10 -> 5 | I16: 2.3 | J16: =+IF(F16<>0,IF(I16<>0,(ROUNDUP(D16*F16*G16*H16*(I16),0)),(ROUNDUP(D16*F16*G16*H16,0))),0) -> 69000000
B17: 1.2 | C17: Auxiliar de Coordinador | D17: 3809658 | E17: - | F17: 2 | G17: 1 | H17: =+$J$10 -> 5 | I17: 2.3 | J17: =+IF(F17<>0,IF(I17<>0,(ROUNDUP(D17*F17*G17*H17*(I17),0)),(ROUNDUP(D17*F17*G17*H17,0))),0) -> 87622134
B18: 1.3 | C18: Inspector de mantenimiento vial | D18: 3800000 | E18: - | F18: 7 | G18: 1 | H18: =+$J$10 -> 5 | I18: 2.3 | J18: =+IF(F18<>0,IF(I18<>0,(ROUNDUP(D18*F18*G18*H18*(I18),0)),(ROUNDUP(D18*F18*G18*H18,0))),0) -> 305900000
B19: 1.4 | C19: Profesional de Seguridad y salud en el trabajo | D19: 3483116 | E19: - | F19: 3 | G19: 1 | H19: =+$J$10 -> 5 | I19: 2.3 | J19: =+IF(F19<>0,IF(I19<>0,(ROUNDUP(D19*F19*G19*H19*(I19),0)),(ROUNDUP(D19*F19*G19*H19,0))),0) -> 120167502
B21: PERSONAL TÉCNICO
B22: 2.1 | C22: Auxiliar Vial | D22: 2100000 | E22: - | F22: 12 | G22: 1 | H22: =+$J$10 -> 5 | I22: 2.3 | J22: =+IF(F22<>0,IF(I22<>0,(ROUNDUP(D22*F22*G22*H22*(I22),0)),(ROUNDUP(D22*F22*G22*H22,0))),0) -> 289800000
B24: OTROS COSTOS DE PERSONAL
B25: DESCRIPCIÓN | E25: UNIDAD | F25: TIEMPO EN MESES | G25: VALOR UNITARIO | H25: CANTIDAD | I25: FACTOR MULTIPLICADOR | J25: VALOR TOTAL
B26: 3.1 | C26: Apoyo Viáticos | E26: =+'[90]PPTO VIEJO'!D39 -> MONTO AGOTABLE | F26: =+$J$10 -> 5 | G26: =+'VALOR VIATICOS'!O7 -> 31636021 | H26: 1 | I26: 1.1 | J26: =+IF(F26<>0,IF(I26<>0,(ROUNDUP(F26*G26*H26*(I26),0)),(ROUNDUP(F26*G26*H26,0))),0) -> 173998115
B27: 3.2 | C27: Horas extras diurnas, nocturnas y festivos | E27: =+'[90]PPTO VIEJO'!D41 -> MONTO AGOTABLE | F27: N/A | G27: 5000000 | H27: 1 | I27: 2.3 | J27: =+IF(F27<>0,IF(I27<>0,(ROUNDUP(G27*H27*(I27),0)),(ROUNDUP(G27*H27,0))),0) -> 11500000
B29: TOTAL COSTOS DE PERSONAL (A) * (B) = (3) | J29: =+ROUND(SUM(J16:J27),0) -> 1057987751
B31: OTROS COSTOS
B32: DESCRIPCIÓN | E32: UNIDAD | F32: TIEMPO EN MESES | G32: CANTIDAD | H32: VALOR UNITARIO | J32: VALOR TOTAL
B33: SERVICIOS DE ALQUILER DE VEHÍCULOS, MAQUINARIA MANTENIMIENTOS
B34: Alquiler de motocicletas mínimo 125 cc | E34: =+'[90]PPTO VIEJO'!D40 -> MES | F34: =+$J$10 -> 5 | G34: =+F18+F19 -> 10 | H34: 1056572 | J34: =ROUND(G34*H34*F34,0) -> 52828600
B35: Vehículo de 2000 cc o superior, mínimo modelo 2015. Tipo camioneta (Incluye combustible, peajes) | E35: =+'[90]PPTO VIEJO'!D42 -> MES | F35: =+$J$10 -> 5 | G35: =+F16 -> 1 | H35: 7804232 | J35: =ROUND(G35*H35*F35,0) -> 39021160
B36: Servicio de alquiler de maquinaria pesada y vehículos para la atención a la red vial del Departamento (Incluye operario, combustible, mantenimientos y demás aplicables) | E36: =+'[90]PPTO VIEJO'!D61 -> MONTO AGOTABLE | F36: =+$J$10 -> 5 | G36: 1 | H36: =+'VALOR ALQUILER'!H13 -> 1.4660046e+09 | J36: =ROUND(G36*H36*F36,0) -> 7330023177
B38: Subtotal Otros Costos (2) | J38: =SUM(J34:J37) -> 7421872937
B41: Presupuesto
B42: TOTAL COSTOS (1) + (2) + (3)= (4) | J42: =+J38+J29 -> 8479860688
B43: IVA (4) * 19% = (5) | J43: =+ROUNDDOWN(J42*0.19,0) -> 1611173530
B46: COSTO TOTAL | J46: =+ROUND(J42+J43,0) -> 10091034218 | M46: 10091034218 | N46: =+M46-J46 -> 0
B51: Nota 1: El presente formato de propuesta económica es inmodificable. El proponente realizará su oferta económica diligenciando el valor de cada unas de las celdas de los ítems correspondientes al presupuesto en las celdas de color verde.
B52: Nota 2: El Factor Multiplicador máximo a reconocer por la entidad será de 2,30. (Exceptuese el ítem de "Apoyo viaticos") Este Factor Multiplicador (FM) tendrá dos componentes: 1. Factor Prestacional equivalente a 1,60. y 2. Gastos de administración, Legalización, Perfeccionamiento, Imprevistos y Honorarios equivalente a 0,7
B53: Nota 3: El valor de 0,7 correspondiente al componente 2 del FM, será el máximo a reconocer por parte de la Entidad.
B54: Nota 4: El Factor Prestacional correspondiente al componente 1 del FM debe ser ajustado según la modalidad de vinculación del personal a contratar. En todo caso, la Entidad solo reconocerá las prestaciones imputables a la modalidad de vinculación del personal.
B55: Nota 5: Durante la ejecución, se debe presentar una relación mensual de los profesionales que han hecho parte de las actividades ejecutadas dentro del periodo del reporte, indicando el tipo de vinculación, prestaciones sociales pagadas y su valor.
B56: Nota 6: Los valores unitarios propuestos en el costo de personal ofertados por el proponente, deben incluir todas las prestaciones legales vigentes, así como los respectivos auxilios de transporte y demás que haya lugar.
B57: Nota 7: Ningún salario podrá ser ofertado por debajo del salario mínimo legal vigente del momento de la presentación de la oferta.
B58: Nota 8: La Formulación de montos agotables no podrán ser modificados en ningún caso. Para el ítem "Apoyo viáticos" se considerará como valor máximo el factor multiplicador (FM) de 1.10
B59: Nota 9: Los valores de "Otros Costos" incluyen todos los costos asociados a la ejecución de la actividad, así como su respectiva Administración y Utilidad. Así mismo los valores unitarios de las pestañas "Valor unitario Alquiler Maq" y "Valores Unitario Mantenimientos"

Sheet VALOR VIATICOS
A1: CARGO/OFICIO | B1: UNIDAD | C1: VALOR UNITARIO MÁXIMO DE VIÁTICOS INICIAL | D1: VALOR MÁXIMO A PAGAR PROPORCIONAL AL SALARIO | F1: salario | G1: viático | H1: salario total | I1: % básico | J1: % viático | N1: CANTIDAD | O1: TOTAL X MES | P1: TOTAL X CONTRATO
A2: Ingeniero Coordinador - Residente de proyecto | B2: PERSONA | C2: =+(0.22/0.78)*F2 -> 1692307.7 | F2: =+PPTO!D16 -> 6000000 | G2: =+G4 -> 1626785 | H2: =+F2+G2 -> 7626785 | I2: =+F2/H2 -> 0.78670108 | J2: =+G2/H2 -> 0.21329892 | L2: =+I2-0.7 -> 0.08670108 | N2: =+PPTO!F16 -> 1 | O2: =+N2*C2 -> 1692307.7 | P2: =+O2*PPTO!$J$10 -> 8461538.5
A3: Auxiliar de Coordinador | B3: PERSONA | C3: =+(0.3/0.7)*F3 -> 1632710.6 | F3: =+PPTO!D17 -> 3809658 | G3: =+G4 -> 1626785 | H3: =+F3+G3 -> 5436443 | I3: =+F3/H3 -> 0.70076298 | J3: =+G3/H3 -> 0.29923702 | L3: =+I3-0.7 -> 0.0007629805 | N3: =+PPTO!F17 -> 2 | O3: =+N3*C3 -> 3265421.1 | P3: =+O3*PPTO!$J$10 -> 16327106
A4: Inspector de mantenimiento vial | B4: PERSONA | C4: =+(0.3/0.7)*F4 -> 1628571.4 | F4: =+PPTO!D18 -> 3800000 | G4: 1626785 | H4: =+F4+G4 -> 5426785 | I4: =+F4/H4 -> 0.70023043 | J4: =+G4/H4 -> 0.29976957 | L4: =+I4-0.7 -> 0.00023043109 | N4: =+PPTO!F18 -> 7 | O4: =+N4*C4 -> 11400000 | P4: =+O4*PPTO!$J$10 -> 57000000
A5: Auxiliar Vial | B5: PERSONA | C5: =+(0.3/0.7)*F5 -> 900000 | F5: =+PPTO!D22 -> 2100000 | G5: 897000 | H5: =+F5+G5 -> 2997000 | I5: =+F5/H5 -> 0.7007007 | J5: =+G5/H5 -> 0.2992993 | L5: =+I5-0.7 -> 0.0007007007 | N5: =+PPTO!F22 -> 12 | O5: =+N5*C5 -> 10800000 | P5: =+O5*PPTO!$J$10 -> 54000000
A6: Profesional de Seguridad y salud en el trabajo | B6: PERSONA | C6: =+(0.3/0.7)*F6 -> 1492764 | F6: =+PPTO!D19 -> 3483116 | G6: 1492247 | H6: =+F6+G6 -> 4975363 | I6: =+F6/H6 -> 0.70007274 | J6: =+G6/H6 -> 0.29992726 | L6: =+I6-0.7 -> 7.2738411e-05 | N6: =+PPTO!F19 -> 3 | O6: =+N6*C6 -> 4478292 | P6: =+O6*PPTO!$J$10 -> 22391460
O7: =SUM(O2:O6) -> 31636021 | P7: =SUM(P2:P6) -> 1.581801e+08
A8: Nota: El proponente deberá ofrecer el valor de los viáticos para el personal de su oferta, no obstante, el valor máximo de los viáticos de cada uno no puede exceder el 30% de la suma entre el salario y los viaticos ofertados, lo cual se encuentra reflejado en la Columna C de color amarillo. Exceptuando el cargo de "Ingeniero coordinador - Residente de Proyecto" el cual no podrá superar el 22% de la suma entre el salario y los viáticos ofertados.

Sheet VALOR ALQUILER
A1: CARGO/OFICIO | B1: UNIDAD | C1: VALOR MÁXIMO POR HORA DE ALQUILER | E1: CANTIDAD X DÍA (X FRENTE) | F1: CANTIDAD X MES (X FRENTE) | G1: CANTIDAD X MES (TODOS LOS FRENTES) | H1: VALOR TOTAL X MES X TODOS LOS FRENTES
A2: Motoniveladora | B2: HORA | C2: =+'ESTUDIO HORAS'!H3 -> 254931.84 | E2: 9 | F2: =+E2*7*4 -> 252 | G2: =+F2*RENDIMIENTOS!$F$2 -> 1512 | H2: =+G2*C2 -> 3.8545694e+08
A3: Retrocargador / Retroexcavadora de llantas | B3: HORA | C3: =+'ESTUDIO HORAS'!H4 -> 174604.03 | E3: 8.2278473 | F3: =+E3*7*4 -> 230.37973 | G3: =+F3*RENDIMIENTOS!$F$2 -> 1382.2784 | H3: =+G3*C3 -> 2.4135137e+08
A4: Vibrocompactador | B4: HORA | C4: =+'ESTUDIO HORAS'!H5 -> 181160.06 | E4: 7 | F4: =+E4*7*4 -> 196 | G4: =+F4*RENDIMIENTOS!$F$2 -> 1176 | H4: =+G4*C4 -> 2.1304424e+08
A5: Volqueta Sencilla | B5: DÍA | C5: =+'ESTUDIO HORAS'!H6 -> 837447.55 | E5: =+RENDIMIENTOS!B10*RENDIMIENTOS!C10 -> 2 | F5: =+E5*7*4 -> 56 | G5: =+F5*RENDIMIENTOS!$F$2 -> 336 | H5: =+G5*C5 -> 2.8138238e+08
A6: Volqueta Doble Troque | B6: DÍA | C6: =+'ESTUDIO HORAS'!H7 -> 1216146.8 | E6: =+RENDIMIENTOS!B9*RENDIMIENTOS!C9 -> 1 | F6: =+E6*7*4 -> 28 | G6: =+F6*RENDIMIENTOS!$F$2 -> 168 | H6: =+G6*C6 -> 2.0431267e+08
A7: Camabaja | B7: TON-KM | C7: =+'ESTUDIO HORAS'!H8 -> 3985.92 | E7: 0 | F7: =150*25 -> 3750 | G7: =+F7 -> 3750 | H7: =+G7*C7 -> 14947200
A8: Camión Grúa tipo Planchón Doble Troque | B8: TON-KM | C8: =+'ESTUDIO HORAS'!H9 -> 2976.768 | E8: 0 | F8: =150*15 -> 2250 | G8: =+F8 -> 2250 | H8: =+G8*C8 -> 6697728
A9: Excavadora sobre orugas (peso entre 7 y 14 toneladas) | B9: HORA | C9: =+'ESTUDIO HORAS'!H10 -> 231039.36 | E9: 0 | F9: 0 | G9: 200 | H9: =+G9*C9 -> 46207872
A10: Excavadora sobre orugas (peso entre 15 y 22 toneladas) | B10: HORA | C10: =+'ESTUDIO HORAS'!H11 -> 273718.66 | E10: 0 | F10: 0 | G10: 200 | H10: =+G10*C10 -> 54743731
A11: Minicargador | B11: HORA | C11: =+'ESTUDIO HORAS'!H12 -> 133261.06 | E11: 0 | F11: 0 | G11: 129.73229 | H11: =+G11*C11 -> 17288261
A12: Camioneta Escolta (Incluye peajes, combustible y Conductor) | B12: HORA | C12: 572249 | E12: 0 | F12: 0 | G12: 1 | H12: =+G12*C12 -> 572249
H13: =SUM(H2:H12) -> 1.4660046e+09
H14: 1.4660046e+09
H15: =+H14-H13 -> 0

Sheet ESTUDIO HORAS
A2: ITEM | B2: DESCRIPCIÓN | C2: UNIDAD | D2: APU ICCU | E2: APU INVIAS | F2: ICCU MAQ | G2: PROMEDIO | H2: +FMA
A3: 1 | B3: Motoniveladora | C3: HORA | D3: 207934 | E3: 226100 | F3: 229850 | G3: =ROUNDUP(AVERAGE(D3:F3),0) -> 221295 | H3: =+G3*(1+$K$3) -> 254931.84 | J3: FMA | K3: 0.152
A4: 2 | B4: Retrocargador de llantas | C4: HORA | D4: 164614 | E4: 136850 | F4: 153233 | G4: =ROUNDUP(AVERAGE(D4:F4),0) -> 151566 | H4: =+G4*(1+$K$3) -> 174604.03
A5: 3 | B5: Vibrocompactador | C5: HORA | D5: 155951 | E5: 154700 | F5: 161120 | G5: =ROUNDUP(AVERAGE(D5:F5),0) -> 157257 | H5: =+G5*(1+$K$3) -> 181160.06
A6: 4 | B6: Volqueta Sencilla | C6: DÍA | D6: =83867*8 -> 670936 | E6: 743750 | F6: 766167 | G6: =ROUNDUP(AVERAGE(D6:F6),0) -> 726951 | H6: =+G6*(1+$K$3) -> 837447.55
A7: 5 | B7: Volqueta Doble Troque | C7: DÍA | D7: N/A | E7: 1050000 | F7: 1061366 | G7: =ROUNDUP(AVERAGE(D7:F7),0) -> 1055683 | H7: =+G7*(1+$K$3) -> 1216146.8
A8: 6 | B8: Camabaja | C8: TON-KM | D8: N/A | E8: N/A | F8: 3459.37 | G8: =ROUNDUP(AVERAGE(D8:F8),0) -> 3460 | H8: =+G8*(1+$K$3) -> 3985.92
A9: 7 | B9: Camión Grúa tipo Planchón Doble Troque | C9: TON-KM | D9: N/A | E9: N/A | F9: 2584 | G9: =ROUNDUP(AVERAGE(D9:F9),0) -> 2584 | H9: =+G9*(1+$K$3) -> 2976.768
A10: 8 | B10: Excavadora sobre orugas (peso entre 7 y 14 toneladas) | C10: HORA | D10: N/A | E10: N/A | F10: 200555 | G10: =ROUNDUP(AVERAGE(D10:F10),0) -> 200555 | H10: =+G10*(1+$K$3) -> 231039.36
A11: 9 | B11: Excavadora sobre orugas (peso entre 15 y 22 toneladas) | C11: HORA | D11: 268581 | E11: 196350 | F11: 247878 | G11: =ROUNDUP(AVERAGE(D11:F11),0) -> 237603 | H11: =+G11*(1+$K$3) -> 273718.66
A12: 10 | B12: Minicargador | C12: HORA | D12: N/A | E12: 113050 | F12: 118305 | G12: =ROUNDUP(AVERAGE(D12:F12),0) -> 115678 | H12: =+G12*(1+$K$3) -> 133261.06
